 Dungeon Crawl Stone Soup version 0.25-a0-523-g9afb2ee040 (webtiles) character file.

Game seed: 4517372775204169732, levelgen mode: deterministic

2260 Flugslaktarn the Cleaver (level 9, -10/82 HPs)
             Began as a Deep Dwarf Fighter on Feb 18, 2020.
             Was a Follower of Makhleb.
             Mangled by a troll (11 damage)
             ... on level 8 of the Dungeon.
             The game lasted 00:02:11 (2700 turns).

Flugslaktarn the Cleaver (Deep Dwarf Fighter)       Turns: 2700, Time: 00:02:12

Health: -10/82     AC: 11    Str: 28    XL:     9   Next: 15%
Magic:  2/2        EV:  7    Int:  9    God:    Makhleb [*.....]
Gold:   242        SH: 11    Dex: 12    Spells: 8/8 levels left

rFire    . . .     SeeInvis .   a - +0 war axe
rCold    . . .     Gourm    .   c - +0 kite shield
rNeg     . . .     Faith    .   r - +0 chain mail
rPois    .         Spirit   .   (no helmet)
rElec    .         Reflect  .   t - +0 cloak
rCorr    .         Harm     .   (no gloves)
MR       +....                  (no boots)
Stlth    ..........             (no amulet)
HPRegen  0.00/turn              (no ring)
MPRegen  0.08/turn              (no ring)

@: mighty, non-regenerating
A: damage resistance, heal wounds, sense surroundings 2, no regeneration
a: Heal Wounds, Renounce Religion


You were on level 8 of the Dungeon.
You worshipped Makhleb.
Makhleb was aware of your devotion.
You were hungry.

You visited 2 branches of the dungeon, and saw 9 of its levels.

You collected 242 gold pieces.

Inventory:

Hand Weapons
 a - a +0 war axe (weapon)
Armour
 c - a +0 kite shield (worn)
 r - a +0 chain mail (worn)
   (You found it on level 5 of the Dungeon)
 t - a +0 cloak (worn)
   (You found it on level 6 of the Dungeon)
Jewellery
 n - a +3 ring of slaying {unknown}
   (You found it on level 6 of the Dungeon)
 w - an uncursed amulet of rage {unknown}
   (You found it on level 7 of the Dungeon)
Wands
 y - a wand of scattershot (7)
   (You found it on level 7 of the Dungeon)
Scrolls
 b - a scroll of teleportation {unknown}
 h - 3 scrolls of magic mapping {unknown}
 i - a scroll of noise {unknown}
 k - 5 scrolls of remove curse {unknown}
 m - 5 scrolls of identify {unknown}
 o - 2 scrolls of enchant armour {unknown}
 p - a scroll of fog {unknown}
 q - 4 scrolls of fear {unknown}
Potions
 f - a potion of curing {unknown}
 g - a potion of degeneration {unknown}
 j - a potion of heal wounds {unknown}
 l - 2 potions of flight {unknown}
 u - a potion of mutation {unknown}
 v - a potion of berserk rage {unknown}
 x - 2 potions of stabbing {unknown}
Comestibles
 e - 6 rations


   Skills:
 + Level 5.7 Fighting
 * Level 8.7 Axes
 + Level 6.8 Armour
 + Level 6.8 Shields


You had 8 spell levels left.
You didn't know any spells.
Your spell library was empty.

Dungeon Overview and Level Annotations

Branches:
Dungeon (8/15)             Temple (1/1) D:4
   Lair: D:8-11

Altars:
Ashenzari
Cheibriados
Dithmenos
Fedhas
Gozag
Hepliaklqana
Kikubaaqudgha
Makhleb
Nemelex Xobeh
Okawaru
Qazlal
Ru
Sif Muna
Trog
Uskayaw
Wu Jian
Xom
Yredelemnul

Shops:
D:4 !   D:7 !

Annotations:
D:6 3 runed translucent doors, jt's ghost, novice NaFi


Innate Abilities, Weirdness & Mutations

You are resistant to damage.
You can heal yourself by infusing magical energy.
You passively map the area around you.
You do not regenerate.


Message History

You block the troll's attack. x2
You closely miss the troll.
The troll is moderately wounded.
The gnoll hits you from afar with a +0 halberd!
* * * LOW HITPOINT WARNING * * *
You block the troll's attack. The troll claws you!
* * * LOW HITPOINT WARNING * * *
The troll claws you but does no damage.
A howler monkey comes into view.
A worker ant zombie comes into view.
You slash the troll!
The troll is heavily wounded.
The troll bites you but does no damage. The troll claws you.
* * * LOW HITPOINT WARNING * * *
The troll claws you.
* * * LOW HITPOINT WARNING * * *
The gnoll hits you but does no damage.
You completely miss the troll.
The troll is heavily wounded.
The troll bites you!
You die...

, * ** #.# *
###.# ** , ,
...# , ,, *
#..# , * *
,###<###..##
* ..........#
* * ,
#####.###g.<#
..Z.g.hT)...#
.####.##@...#
* * #
*#......?# **
, *
,*#.......# ,
, , ,
#.##....# * *
*** #.###..##
, * *#.# *..#
,, , #.#* .#
* , *, .#. #
* * , *


You could see a troll, a howler monkey, 2 gnolls and a worker ant zombie.

Vanquished Creatures
  Pikel (D:6)
  Prince Ribbit (D:6)
  A hippogriff (D:7)
  Sigmund (D:2)
  Menkaure (D:6)
  2 sky beasts (D:5)
  2 slaves (D:6)
  An ice beast (D:6)
  An ogre (D:4)
  2 centaurs
  3 bullfrogs
  A scorpion (D:6)
  A howler monkey (D:5)
  A crimson imp (D:6)
  2 gnoll shamans
  6 orc priests
  A bullfrog skeleton (D:6)
  An orc wizard (D:3)
  Terence (D:2)
  2 worker ants
  4 gnolls
  4 adders
  A shadow imp (D:6)
  An adder zombie (D:7)
  3 worms
  A leopard gecko (D:4)
  12 orcs
  2 ball pythons (D:4)
  2 bats
  4 goblins (D:1)
  A hobgoblin (D:2)
  3 jackals (D:6)
  3 quokkas
  A jackal zombie (D:5)
  2 kobolds
  2 rats
78 creatures vanquished.

Notes
Turn   | Place    | Note
-------+----------+-------------------------------------------
     0 | D:1      | Flugslaktarn the Deep Dwarf Fighter began the quest for the
                  | Orb.
     0 | D:1      | Reached XP level 1. HP: 20/20 MP: 1/1
    77 | D:1      | Reached XP level 2. HP: 24/27 MP: 2/2
    86 | D:2      | Noticed Terence
    86 | D:2      | Noticed Sigmund
    95 | D:2      | Killed Terence
    95 | D:2      | Reached skill level 3 in Axes
    95 | D:2      | Reached XP level 3. HP: 19/34 MP: 0/3
   116 | D:2      | Killed Sigmund
   116 | D:2      | Reached skill level 4 in Axes
   116 | D:2      | Reached XP level 4. HP: 33/42 MP: 2/2
   116 | D:2      | Reached XP level 5. HP: 39/49 MP: 3/3
   308 | D:3      | Reached XP level 6. HP: 51/56 MP: 4/4
   387 | D:4      | Found Bokias's Distillery.
   392 | D:4      | Found a staircase to the Ecumenical Temple.
   392 | D:4      | Found a hazy altar of Hepliaklqana.
   404 | Temple   | Entered the Ecumenical Temple
   531 | Temple   | Became a worshipper of Makhleb the Destroyer
   638 | D:4      | Reached skill level 5 in Axes
   722 | D:4      | Found an iron altar of Okawaru.
   967 | D:5      | Entered Level 5 of the Dungeon
   967 | D:5      | Noticed a sky beast
   985 | D:5      | Killed a sky beast
  1063 | D:5      | Noticed a sky beast
  1083 | D:5      | HP: 1/57 [sky beast (5)]
  1090 | D:5      | Killed a sky beast
  1090 | D:5      | Reached skill level 5 in Armour
  1090 | D:5      | Reached skill level 5 in Shields
  1090 | D:5      | Reached XP level 7. HP: 46/64 MP: 4/4
  1555 | D:6      | Reached skill level 6 in Axes
  1571 | D:6      | Noticed Prince Ribbit
  1623 | D:6      | Killed Prince Ribbit
  1685 | D:6      | Reached XP level 8. HP: 47/73 MP: 2/2
  1709 | D:6      | Reached skill level 7 in Axes
  1730 | D:6      | Noticed Pikel
  1733 | D:6      | Noticed Menkaure
  1766 | D:6      | Killed Pikel
  1766 | D:6      | Reached * piety under Makhleb
  1766 | D:6      | Reached skill level 5 in Fighting
  1770 | D:6      | Killed Menkaure
  1815 | D:6      | Found a runed translucent gate.
  1815 | D:6      | Found a runed translucent gate.
  1815 | D:6      | Found a runed translucent gate.
  1815 | D:6      | Noticed jt's ghost (novice NaFi)
  1815 | D:6      | Noticed a kobold demonologist
  1869 | D:6      | Reached skill level 8 in Axes
  2147 | D:7      | Found Etaun's Distillery.
  2277 | D:7      | Noticed a hippogriff
  2292 | D:7      | Killed a hippogriff
  2292 | D:7      | Gained mutation: You passively map the area around you.
                  | [Deep Dwarf growth]
  2292 | D:7      | Reached XP level 9. HP: 38/81 MP: 2/2
  2459 | D:7      | Found a bloodstained altar of Trog.
  2675 | D:8      | Noticed a troll
  2699 | D:8      | HP: 4/82 [troll (1)]
  2699 | D:8      | HP: 1/82 [troll (3)]
  2700 | D:8      | Mangled by a troll

Levels and vault maps discovered:
D:1:      elethiomel_arrival_infinity_welcomes_careful_drivers,
          layout_loops_cross, minmay_tetromino_t2
D:2:      layout_rooms, chequers_ecumenical_altar_simple_redux, uniq_terence,
          uniq_sigmund
D:3:      layout_basic, good_gods_temple_1
D:4:      layout_basic, lemuel_crystal_altar, minmay_temple_entry_glass,
          serial_shops, shop, nrook_campfire, okawaru_metal_pillars_3
D:5:      layout_rooms, first_ration
D:6:      layout_basic, gammafunk_ghost_nasty_kobolds, uniq_prince_ribbit1,
          uniq_pikel, uniq_menkaure
D:7:      layout_rooms, kennysheep_little_box, serial_shops,
          nicolae_shop_temple_entry_statues_fountains
D:8:      layout_loops_ring, kennysheep_mini_moat, dpeg_oklobed_lair,
          lightli_bailey_entry_fortress, basic_altar, serial_shops,
          shop_fountains
Temple:   kb_temple_of_zot

Skill      XL: |  1  2  3  4  5  6  7  8 |
---------------+-------------------------+-----
Fighting       | 3 4 5 |  5.7
Axes           | 3 4 5 6 8 |  8.7
Armour         | 4 5 6 |  6.8
Shields        | 4 5 6 |  6.8

Action                   |  1- 3 |  4- 6 |  7- 9 || total
-------------------------+-------+-------+-------++-------
Melee: War axe           |    36 |   109 |   266 ||   411
 Abil: Heal Wounds       |     3 |     3 |    15 ||    21
  Use: Potion            |       |       |     1 ||     1
  Eat: Chunk             |       |     1 |     5 ||     6
Armor: Scale mail        |     5 |    71 |     7 ||    83
       Chain mail        |       |       |   136 ||   136
Dodge: Dodged            |    13 |    33 |    82 ||   128
Block: Kite shield       |    16 |    55 |   176 ||   247

Table legend:
 A = Non-vault XP
 B = Vault XP
 C = Vault XP percentage of total XP
 D = Non-vault monster count
 E = Vault monster count
 F = Vault count percentage of total count
                 A         B        C        D         E       F
            +---------+---------+-------+---------+---------+-------
      Total |    2116 |    1113 |  34.5 |      71 |       5 |   6.6
            +---------+---------+-------+---------+---------+-------
        D:1 |      22 |       0 |   0.0 |       6 |       0 |   0.0
        D:2 |      30 |     248 |  89.2 |       7 |       2 |  22.2
        D:3 |     107 |       0 |   0.0 |       9 |       0 |   0.0
        D:4 |     124 |       0 |   0.0 |       5 |       0 |   0.0
        D:5 |     411 |       0 |   0.0 |       8 |       0 |   0.0
        D:6 |     704 |     865 |  55.1 |      17 |       3 |  15.0
        D:7 |     677 |       0 |   0.0 |      18 |       0 |   0.0
        D:8 |      41 |       0 |   0.0 |       1 |       0 |   0.0
            +---------+---------+-------+---------+---------+-------
